Map: Eastwatch LE

Players

Railgun

  • Race: Terran Terran
  • League: Diamond
  • Spawn Location: 1:00

kemachi - Winner!

  • Race: Protoss Protoss
  • League: Diamond
  • Spawn Location: 7:00

VOD

Have the link to the VOD?

Description

Time

  • Played on: April 7, 2018, 6:43 p.m.
  • Length: 14:52
Show
View Real Time Build Order
Export as new Build Order

Railgun Terran 

Build Orders: MMM Bio 

Get SALT Encoding   

  12  0:01  SCV  
  13  0:13  SCV  
  14  0:19  Supply Depot  
  14  0:26  SCV  
  15  0:40  SCV  
  15  0:42  Barracks  
  16  0:47  Refinery  
  16  0:53  SCV  
  17  1:05  SCV  
  18  1:17  SCV  
  20  1:37  Orbital Command  
  20  1:39  Reaper  
  15  2:22  SCV  
  16  2:36  Command Center  
  16  2:40  SCV  
  17  2:46  Marine  
  18  2:52  SCV  
  18  2:55  Refinery  
  19  3:07  Supply Depot  
  19  3:10  SCV  
  20  3:24  Factory  
  20  3:30  Barracks Reactor  
  20  3:42  SCV  
  20  3:48  Orbital Command  
  21  3:54  SCV  
  22  4:06  SCV  
  22  4:09  Barracks  
  23  4:10  Starport  
  23  4:12  Factory Reactor  
  23  4:14  Marine  
  24  4:18  SCV  
  24  4:19  SCV  
  24  4:20  Marine  
  27  4:30  SCV, Bunker  
  28  4:34  Marine  
  28  4:37  SCV  
  28  4:38  Marine  
  31  4:44  SCV  
  32  4:49  SCV  
  33  4:53  Marine  
  33  4:56  Barracks Tech Lab, Marine  
  35  5:00  Medivac  
  35  5:01  Barracks  
  35  5:03  SCV  
  38  5:12  Marine  
  38  5:13  Marine  
  40  5:17  Stimpack, Marauder  
  40  5:19  SCV x2  
  44  5:26  Refinery  
  44  5:30  Supply Depot, Marine  
  44  5:31  SCV  
  46  5:40  Supply Depot  
  46  5:52  Marine, Medivac  
  46  5:56  Marine  
  52  5:59  Barracks Tech Lab  
  52  6:01  SCV x2  
  52  6:07  Marine  
  52  6:09  Marine  
  54  6:13  SCV x2, Barracks  
  54  6:14  Barracks  
  54  6:15  Supply Depot  
  56  6:21  Marine x2  
  56  6:25  Combat Shields, Marauder  
  60  6:38  Marine x2  
  60  6:39  Marauder  
  61  6:47  Marauder  
  59  6:56  Marine x2  
  59  7:00  Marine  
  59  7:08  Marine  
  57  7:14  Marine x2  
  57  7:15  SCV  
  59  7:18  Marauder  
  59  7:19  Marine  
  59  7:20  Marine  
  63  7:23  Supply Depot  
  63  7:26  Engineering Bay, Marauder  
  63  7:29  SCV  
  66  7:32  Marine  
  66  7:35  Viking  
  69  7:40  SCV  
  69  7:44  Refinery  
  70  7:55  Marine x2  
  70  7:57  Barracks Reactor x2  
  72  7:58  Marine  
  72  7:59  Marine  
  72  8:01  Terran Infantry Weapons Level 1  
  72  8:02  Missile Turret  
  74  8:13  Marine  
  74  8:15  Marine  
  74  8:16  Marine  
  74  8:18  SCV  
  78  8:25  Marauder  
  80  8:29  Supply Depot, SCV  
  80  8:30  SCV  
  80  8:31  Supply Depot, Marine  
  80  8:33  Marine  
  84  8:35  Marauder  
  85  8:41  SCV  
  86  8:50  Marine x4  
  86  8:51  SCV, Marauder  
  86  8:55  Supply Depot  
  93  8:56  Marauder  
  93  8:57  Supply Depot  
  93  8:59  Medivac x2  
  99  9:12  Marine  
  99  9:13  Marine x2  
  99  9:15  Marine  
  99  9:16  Marine x2, Marauder  
  103  9:17  Marine  
  78  9:34  Marine x2  
  68  9:46  Marine x4, Marauder  
  68  9:47  Marauder  
  68  9:48  SCV  
  68  9:52  Marine x2  
  78  9:55  Terran Infantry Armor Level 1  
  79  10:00  Command Center  
  79  10:03  Marine  
  79  10:04  Marine x2  
  82  10:08  Marauder  
  84  10:16  Marine  
  84  10:17  Marine x2, Marauder  
  86  10:21  Marine  
  86  10:23  Marine x2  
  86  10:25  SCV  
  90  10:29  Marauder  
  92  10:39  Marauder  
  94  10:45  Marine x2  
  94  10:46  Marine x3  
  99  10:51  Marauder  
  100  11:00  Marauder  
  84  11:04  Marine x3  
  84  11:05  Marine  
  84  11:07  Medivac x2  
  85  11:12  Marauder  
  85  11:13  Marine  
  85  11:14  Marine  
  85  11:21  Marauder  
  85  11:22  Marine x3  
  85  11:23  Marine  
  85  11:25  SCV  
  84  11:26  SCV  
  81  11:33  Marauder  
  81  11:35  Orbital Command  
  81  11:39  SCV x2  
  85  11:43  Marauder  
  85  11:46  Refinery  
  87  11:47  Refinery  
  87  11:48  Armory  
  87  11:49  Marine  
  87  11:50  Marine  
  87  11:53  Medivac  
  91  11:55  Marauder  
  93  12:04  Marauder  
  95  12:13  SCV x3  
  96  12:16  Marauder  
  98  12:23  Marine x2  
  98  12:24  Marine x2  
  98  12:25  SCV x3  
  98  12:26  Marauder  
  98  12:28  Engineering Bay  
  107  12:33  Marine x2  
  107  12:36  Command Center, Medivac  
  110  12:38  Marauder  
  110  12:42  Missile Turret  
  112  12:45  Missile Turret  
  112  12:47  Marauder  
  114  12:57  Marine x4  
  114  12:58  Marine x2  
  118  12:59  Marauder  
  121  13:08  Bunker, Marauder, Missile Turret  
  123  13:20  Marauder  
  125  13:30  Marauder  
  125  13:31  Marine x4  
  121  13:42  Marine x2, Marauder  
  93  13:48  Marine  
  93  13:49  Marine x3  
  93  13:51  Marauder  
  94  14:00  Marine x2  
  94  14:02  Factory Reactor  
  96  14:03  Marauder  
  96  14:06  Marine x2  
  96  14:07  Marine  
  96  14:08  Medivac  
  96  14:09  Medivac  
  105  14:12  Marauder  
  105  14:15  Marine  
  107  14:18  Marine  
  108  14:24  Marine x2, Marauder  
Show
View Real Time Build Order
Export as new Build Order

kemachi Protoss - Winner!

Build Orders:  

Get SALT Encoding   

  12  0:00  Probe (Chrono Boost)  
  13  0:10  Probe (Chrono Boost)  
  14  0:16  Probe  
  15  0:26  Pylon  
  15  0:44  Probe, Forge  
  16  0:57  Probe (Chrono Boost)  
  16  0:59  Pylon  
  17  1:04  Gateway  
  17  1:10  Probe (Chrono Boost)  
  18  1:16  Probe (Chrono Boost)  
  19  1:20  Photon Cannon  
  19  1:30  Probe  
  20  1:40  Pylon  
  20  1:52  Pylon  
  19  2:01  Probe  
  19  2:04  Assimilator  
  19  2:08  Assimilator  
  20  2:14  Probe  
  21  2:17  Photon Cannon  
  20  2:26  Probe  
  21  2:30  Cybernetics Core  
  21  2:38  Probe  
  21  2:39  Pylon  
  24  2:50  Probe  
  23  2:52  Nexus  
  23  3:06  Warp Gate  
  23  3:07  Pylon  
  23  3:10  Adept  
  25  3:17  Probe (Chrono Boost)  
  26  3:31  Gateway  
  26  3:36  Probe  
  26  3:44  Adept  
  26  3:48  Photon Cannon  
  29  4:03  Probe (Chrono Boost)  
  29  4:05  Protoss Ground Weapons Level 1  
  29  4:12  Probe (Chrono Boost)  
  29  4:15  Probe (Chrono Boost), Adept  
  33  4:18  Adept  
  33  4:22  Probe (Chrono Boost)  
  33  4:24  Probe (Chrono Boost)  
  37  4:31  Probe  
  37  4:32  Probe  
  39  4:42  Stargate  
  39  4:44  Probe x2  
  41  4:47  Pylon  
  41  4:53  Sentry  
  41  4:54  Sentry  
  41  4:56  Probe x2  
  47  5:08  Probe x2 (Chrono Boost)  
  47  5:10  Pylon  
  49  5:19  Probe x2 (Chrono Boost)  
  53  5:24  Probe x2 (Chrono Boost)  
  53  5:27  Oracle  
  56  5:30  Adept x2  
  56  5:34  Probe, Twilight Council  
  56  5:35  Probe  
  62  5:47  Gateway  
  62  5:49  Gateway  
  62  5:53  Adept x2  
  62  5:56  Probe x2  
  68  6:01  Pylon  
  68  6:02  Pylon  
  68  6:07  Resonating Glaives (Chrono Boost)  
  68  6:09  Probe  
  68  6:13  Probe  
  68  6:15  Assimilator  
  70  6:18  Assimilator  
  70  6:20  Adept x2  
  69  6:59  Adept x2  
  62  7:03  Probe x2  
  62  7:08  Phoenix  
  62  7:15  Probe x2  
  65  7:26  Nexus  
  65  7:27  Probe x2  
  65  7:28  Pylon  
  65  7:29  Protoss Ground Weapons Level 2  
  67  7:30  Pylon  
  67  7:32  Pylon  
  67  7:34  Adept x3  
  67  7:35  Adept, Phoenix  
  67  7:36  Assimilator  
  77  7:38  Assimilator  
  77  7:46  Probe x2  
  77  7:58  Probe x2  
  79  8:10  Probe  
  79  8:11  Probe, Phoenix  
  83  8:19  Adept  
  85  8:20  Adept x3  
  85  8:23  Probe  
  93  8:27  Probe, Robotics Facility  
  93  8:28  Robotics Facility  
  93  8:35  Probe  
  93  8:36  Phoenix  
  93  8:39  Probe  
  97  8:46  Adept  
  99  8:54  Adept  
  99  8:55  Adept x2  
  105  9:01  Phoenix  
  93  9:31  Adept x4  
  91  9:40  Phoenix  
  89  9:55  Probe (Chrono Boost)  
  89  9:56  Probe x2 (Chrono Boost), Immortal  
  96  10:03  Gateway x2  
  96  10:05  Gateway  
  93  10:07  Probe (Chrono Boost)  
  93  10:08  Probe x2 (Chrono Boost), Gateway  
  93  10:13  Probe (Chrono Boost)  
  80  10:22  Adept x4  
  80  10:24  Phoenix  
  90  10:42  Adept x2  
  92  10:43  Adept x2  
  84  11:07  Adept x4  
  92  11:14  Probe x3  
  81  11:26  Probe x2  
  81  11:31  Adept x2  
  81  11:32  Adept x6  
  99  11:36  Phoenix  
  99  11:38  Immortal  
  109  11:40  Immortal  
  109  11:47  Probe x2  
  109  11:53  Adept x4  
  109  11:54  Adept x3  
  125  12:10  Pylon x2  
  125  12:12  Pylon  
  125  12:14  Pylon  
  125  12:16  Pylon  
  125  12:28  Immortal x2, Phoenix  
  125  12:29  Adept x3  
  141  12:44  Adept x4  
  149  12:53  Phoenix  
  149  12:57  Adept x4  
  155  13:15  Adept x3  
  155  13:16  Adept  
  159  13:46  Adept x5  
  159  13:47  Phoenix  
  163  13:57  Gateway  
  163  13:58  Gateway  
  163  13:59  Gateway  
  163  14:01  Gateway  
  163  14:03  Robotics Facility  
  163  14:04  Robotics Facility  
  161  14:21  Adept  
  161  14:22  Adept  
  146  14:47  Adept x3  
  146  14:48  Adept x2  
Tags
 
Composition
MMM Bio
Matchup
PvT
Spawn Locations
Cross Positions
Add a new tag
Caveats
  • Supply blocks, unpowered buildings, or Contaminate may cause inaccurate times.
  • Supply counts are checked every 10 seconds.